 Dungeon Crawl Stone Soup version 0.16.1-4-g8e1b745 (webtiles) character file.

272 wojtek the Sneak (level 6, -2/40 HPs)
             Began as a Kobold Assassin on Mar 26, 2015.
             Slain by an orc
             ... wielding a +0 flail
              (6 damage)
             ... on level 3 of the Dungeon.
             The game lasted 00:05:46 (3284 turns).

wojtek the Sneak (Kobold Assassin)                  Turns: 3284, Time: 00:05:47

Health: -2/40      AC:  3    Str: 10    XL:     6   Next: 48%
Magic:  6/6        EV: 18    Int: 11    God:
Gold:   148        SH:  0    Dex: 17    Spells: 0 memorised, 5 levels left

rFire  . . .     SeeInvis .     h - +4 whip
rCold  . . .     Clarity  .     c - +0 robe
rNeg   . . .     SustAb   .     (no shield)
rPois  .         Gourm    .     (no helmet)
rElec  .         Spirit   .     d - +0 cloak
rCorr  .         Warding  .     (no gloves)
rMut   .         Stasis   .     (no boots)
MR     .....                    (no amulet)
Stlth  +++.......               (no ring)
                                (no ring)

@: not resistant to hostile enchantments, fairly stealthy
A: carnivore 3
a: no special abilities


You were on level 3 of the Dungeon.
You were completely stuffed.

You visited 1 branch of the dungeon, and saw 3 of its levels.

You collected 148 gold pieces.

Inventory:

Hand weapons
 a - a +2 dagger
 b - a +0 blowgun
 h - a +4 whip (weapon)
 s - a +0 dagger of protection
Missiles
 e - 8 poisoned needles
 f - 2 curare-tipped needles
Armour
 c - a +0 robe (worn)
 d - a +0 cloak (worn)
Scrolls
 i - 4 scrolls of teleportation {unknown}
 j - a scroll of amnesia {unknown}
 k - a scroll of immolation {unknown}
 u - a scroll of random uselessness {unknown}
 y - a scroll of blinking {unknown}
 A - a scroll of noise {unknown}
Potions
 l - a potion of haste
 m - a potion of lignification {unknown}
 n - a potion of might
 p - 2 potions of agility
 q - a potion of heal wounds {unknown}
 t - a potion of ambrosia {unknown}
 v - a potion of poison {unknown}
 x - a potion of restore abilities {unknown}
 z - a potion of flight {unknown}
Comestibles
 g - 2 meat rations
 o - a royal jelly
 r - a slice of pizza
 w - a beef jerky
 B - a chunk of flesh


   Skills:
 + Level 4.8 Fighting
 - Level 3.6 Short Blades
 - Level 2.6 Throwing
 + Level 5.0 Dodging
 - Level 5.3 Stealth


You had 5 spell levels left.
You didn't know any spells.

Dungeon Overview and Level Annotations

Branches:
Dungeon (3/15)

Altars:

Annotations:
D:3 Grinder


Innate Abilities, Weirdness & Mutations

You are small and have problems with some larger weapons.
You are carnivorous and can eat meat at any time.


Message History

You feel better.
You hit the orc!
You kill the orc!
You hit the orc but do no damage. The orc closely misses you.
You closely miss the orc. The orc hits you with a flail.
* * * LOW HITPOINT WARNING * * *
You hit the orc.
The orc is severely wounded.
The orc closely misses you.
You hit the orc but do no damage.
The orc is severely wounded.
The orc hits you with a flail!
* * * LOW HITPOINT WARNING * * *
You hit the orc but do no damage.
The orc is heavily wounded.
The orc misses you.
You hit the orc but do no damage.
The orc is heavily wounded.
The orc hits you with a flail.
You die...

#......#.....###.#...##.....
#............... #.#.##.....
#....#.......## #.#.##).... ###
#%...##......#####.#........
..####..............##o..(.#.....
...)...............o.Ko(.(.......
.)######.####...Ko.###[...#..#...
.##### #.# ##.#o### #....#.##.#.
.....###.# ##.#@# #.#..#.##.#.
####..##.####....# #.#....#....
###.....#....### #.#.......##
#.###.#...##.# #.#.#....### #.#
#...####.## ##.#........5 #.#
##.....#..## #..#..>.#.# #
##.########.##.)# #.....#(#.# #
##........##...#.####...#.#...#
#..........###....##...##.##..###


You could see 2 orcs and a kobold.

Vanquished Creatures
  3 orc priests (D:3)
  An orc wizard (D:3)
  Terence (D:1)
  3 adders
  4 gnolls
  A worm (D:2)
  2 oozes
  8 orcs (D:3)
  A ball python (D:2)
  3 giant cockroaches
  5 goblins
  6 hobgoblins
  4 jackals
  7 kobolds
  2 quokkas (D:2)
  7 bats
  2 giant geckos (D:2)
  4 giant newts
  10 rats
74 creatures vanquished.

Notes
Turn   | Place    | Note
--------------------------------------------------------------
     0 | D:1      | wojtek, the Kobold Assassin, began the quest for the Orb.
     0 | D:1      | Reached XP level 1. HP: 12/12 MP: 1/1
    95 | D:1      | Reached XP level 2. HP: 15/17 MP: 2/2
   892 | D:1      | Reached XP level 3. HP: 19/22 MP: 3/3
  1107 | D:2      | Noticed Terence
  1128 | D:1      | Reached XP level 4. HP: 3/28 MP: 4/4
  1486 | D:1      | Killed Terence
  1943 | D:1      | Reached XP level 5. HP: 31/33 MP: 5/5
  2881 | D:3      | Noticed Grinder
  2945 | D:3      | Reached XP level 6. HP: 19/39 MP: 6/6
  3256 | D:3      | Reached skill level 5 in Dodging
  3284 | D:3      | Slain by an orc

Action                   |  1- 3 |  4- 6 || total
-------------------------+-------+-------++-------
Melee: Dagger            |    16 |       ||    16
       Whip              |    63 |   161 ||   224
  Use: Potion            |       |     4 ||     4
 Stab: Sleeping          |     5 |     6 ||    11
  Eat: Chunk             |     9 |     7 ||    16
